 Dungeon Crawl Stone Soup version 0.29.1-1-gd02db6906a (webtiles) character file.

Game seed: 11304216099362358638

161 groovy9 the Magician (level 5, -2/39 HPs)
             Began as a Djinni Conjurer on Sept 27, 2022.
             Slain by a gnoll
             ... wielding a +0 flail
             ... led by a gnoll bouda
              (6 damage)
             ... on level 3 of the Dungeon.
             The game lasted 00:07:28 (3362 turns).

groovy9 the Magician (Djinni Conjurer)              Turns: 3362, Time: 00:07:29

Health: -2/39      AC:  9    Str:  6    XL:     5   Next: 70%
Gold:   2          EV: 16    Int: 22    God:
                   SH:  0    Dex: 11

rFire   + + +      SeeInvis +   m - +8 short sword "Ywnisiud" {freeze, rF+ rN+ SInv}
rCold   x . .      Faith    .   (no shield)
rNeg    + . .      Spirit   .   q - +2 animal skin
rPois   ∞          Reflect  .   a - +2 helmet
rElec   .          Harm     .   (no cloak)
rCorr   .          Rampage  .   (no gloves)
Will    .....                   (boots unavailable)
Stlth   ++........              (no amulet)
HPRegen 0.13/turn               f - +4 ring of evasion
MPRegen 0.00/turn               (no ring)

@: about to teleport, weakened, flying
A: sickness immunity, fire resistance 3, cold vulnerability 1, float, innate
caster, HP casting, extra vitality 1, iridescent scales 1
a: no special abilities


You were on level 3 of the Dungeon.
You visited 1 branch of the dungeon, and saw 4 of its levels.

You collected 177 gold pieces.
You spent 175 gold pieces at shops.

Inventory:

Hand Weapons
 m - the +8 short sword "Ywnisiud" (weapon) {freeze, rF+ rN+ SInv}
   (You found it on level 2 of the Dungeon)

   It freezes those it strikes, dealing additional cold damage.
   It can also slow down cold-blooded creatures.
   rF:        It protects you from fire.
   rN:        It protects you from negative energy.
   SInv:      It lets you see invisible.
Armour
 a - a +2 helmet (worn)
 q - a +2 animal skin (worn)
Jewellery
 f - a +4 ring of evasion (left hand)
Scrolls
 d - 2 scrolls of identify {unknown}
 e - a scroll of brand weapon
 g - a scroll of immolation
 i - a scroll of poison {unknown}
 l - a scroll of vulnerability {unknown}
 p - a scroll of fear
Potions
 b - a potion of curing
 j - a potion of attraction
 k - a potion of mutation


   Skills:
 + Level 2.6 Fighting
 - Level 2.1 Dodging
 - Level 1.5 Stealth
 * Level 4.6 Spellcasting


You couldn't memorise any spells.
You knew the following spells:

 Your Spells              Type           Power      Damage    Failure   Level
a - Magic Dart            Conj           100%       1d8       1%          1
b - Searing Ray           Conj           50%        2d6       2%          2
c - Dazzling Flash        Conj/Hex       50%        N/A       4%          3
d - Fulminant Prism       Conj/Hex       12%        3d9       16%         4
e - Iskenderun's Mystic   Conj/Tloc      25%        2d7       16%         4
f - Apportation           Tloc           50%        N/A       1%          1
g - Poisonous Vapours     Pois/Air       50%        N/A       2%          2
Your spell library was empty.

Dungeon Overview and Level Annotations

Branches:
Dungeon (4/15)
 Temple: D:4-7

Altars:
Uskayaw

Shops:
D:2 *


Innate Abilities, Weirdness & Mutations

You are immune to sickness and miasma.
You are immune to poison.
Your flesh is almost immune to the effects of heat. (rF+++)
You are vulnerable to cold. (rC-)
You float through the air rather than walking.
You learn spells naturally, not from books.
Your magical power is your life essence.
You have superior vitality. (+4 MHP)
You are partially covered in iridescent scales. (AC +2)


Message History

The gnoll bouda is healed somewhat.
The searing ray hits the gnoll bouda but does no damage.
The gnoll bouda is severely wounded.
The gnoll barely misses you.
The gnoll bouda hits you with a +0 whip!
The searing ray hits the gnoll bouda.
The gnoll bouda is almost dead.
You finish channelling your searing ray.
Your attacks no longer feel as feeble.
The gnoll barely misses you.
The gnoll bouda gazes fiercely through you!
You feel your attacks grow feeble.
The gnoll bouda hits you with a +0 whip!
* * * LOW HITPOINT WARNING * * *
You feel better. The gnoll misses you.
The gnoll bouda hits you with a +0 whip.
* * * LOW HITPOINT WARNING * * *
Casting: Searing Ray (safe; 2% risk of failure)
Confirm with . or Enter, or press ? or * to list all spells.
You don't know that spell.
Unknown command.
Unknown command.
Casting: Searing Ray (safe; 2% risk of failure)
Confirm with . or Enter, or press ? or * to list all spells.
The spell is quite dangerous to miscast (17% risk of failure)!
Continue anyway?
You erupt in a blast of force!
The mystic blast hits the gnoll bouda.
You kill the gnoll bouda!
The mystic blast hits the gnoll.
The gnoll is heavily wounded.
The gnoll is knocked back by the mystic blast.
The gnoll slams into the rock wall!
The gnoll is severely wounded.
* * * LOW HITPOINT WARNING * * *
Press: ? - help, v - describe, . - travel
Here: a gnoll, wielding a +0 flail and quivering a throwing net (severely wounded, covering ground quickly)
The floor.
Okay, then.
As you read the scroll of teleportation, it crumbles to dust.
You feel strangely unstable. The gnoll hits you with a +0 flail.
You die...

##############
####......†.....#
#########.........#####.#
#....................##.#
#.........##.####.##.##.#####
#.##########.####.##.........
#.# #.....##.......#.### #.#
#.g...#.....##.#.# # #.#
#..@........##.#.# # #.#
#÷)...#.....##.#.# # #.#
#.....##.....#.#.# # #.###
#.#........#...#.# # #...#
#.######.#...#.#.# # #.#.#
#.### #....##.#.# #.#.# #...#
#..#.##.#.### #...# #...#
#..#.##...... ##..# #...#
#..#......###


You could see a gnoll (swift).

Vanquished Creatures
  A gnoll bouda (D:3)
  An orc wizard (D:3)
  Robin (D:2)
  A gnoll (D:4)
  4 adders
  3 orcs (D:3)
  2 ball pythons
  2 endoplasms
  A giant cockroach (D:1)
  10 goblins
  4 hobgoblins
  4 kobolds (D:2)
  3 quokkas
  5 bats
  3 frilled lizards
  4 rats
49 creatures vanquished.

Vanquished Creatures (others)
  2 plants (D:3)
2 creatures vanquished.

Grand Total: 51 creatures vanquished

Notes
Turn   | Place    | Note
-------+----------+-------------------------------------------
     0 | D:1      | groovy9 the Djinni Conjurer began the quest for the Orb.
     0 | D:1      | groovy9 set off with the following spells memorised: Magic
                  | Dart, Searing Ray, Dazzling Flash, Fulminant Prism,
                  | Iskenderun's Mystic Blast.
     0 | D:1      | Reached XP level 1. HP: 15/15 MP: 0/0
   598 | D:1      | Reached XP level 2. HP: 21/22 MP: 0/0
   683 | D:2      | Found a faded altar of an unknown god.
   864 | D:2      | Reached skill level 1 in Fighting
   993 | D:2      | Reached XP level 3. HP: 15/27 MP: 0/0
   993 | D:2      | Learned a level 1 spell: Apportation
  1420 | D:2      | Identified the +8 short sword "Ywnisiud" {freeze, rF+ rN+
                  | SInv}
  1479 | D:2      | Found Orhuim's Assorted Antiques.
  1551 | D:2      | Bought a scroll labelled RIECUINYASM for 23 gold pieces
  1551 | D:2      | Bought a scroll labelled COOCZE RYCHUWK for 23 gold pieces
  1551 | D:2      | Bought a scroll labelled HOSOCYFIMU for 23 gold pieces
  1551 | D:2      | Bought a scroll labelled DAIPSA QADDOA for 23 gold pieces
  1551 | D:2      | Bought a scroll labelled DAIPSA QADDOA for 23 gold pieces
  1705 | D:2      | Noticed Robin
  1708 | D:2      | Reached XP level 4. HP: 26/32 MP: 0/0
  1715 | D:2      | Killed Robin
  1716 | D:2      | Reached skill level 4 in Spellcasting
  2413 | D:3      | Found a hide-covered altar of Uskayaw.
  2897 | D:3      | Reached XP level 5. HP: 32/39 MP: 0/0
  2897 | D:3      | Learned a level 2 spell: Poisonous Vapours
  3297 | D:2      | Bought a lumpy silvery potion for 20 gold pieces
  3297 | D:2      | Bought a fuming white potion for 20 gold pieces
  3297 | D:2      | Bought a glowing purple potion for 20 gold pieces
  3298 | D:2      | Gained mutation: Your flesh is almost immune to the effects
                  | of heat. (rF+++) [potion of mutation]
  3298 | D:2      | Gained mutation: You are partially covered in iridescent
                  | scales. (AC +2) [potion of mutation]
  3362 | D:3      | Slain by a gnoll

Illustrated notes

Levels and vault maps discovered:
D:1:      lightli_arrival_flooded_house, layout_loops_cross
D:2:      layout_basic, serial_shops, nicolae_shop_overgrown_old_shop,
          nicolae_ecumenical_pavilion, uniq_robin
D:3:      layout_loops_ring, mainiacjoe_overflow_chevrons
D:4:      layout_loops_ring, cheibrodos_sewer_entry_drain,
          minmay_misc_feat_nine_boxes

Skill      XL: |  1  2  3  4 |
---------------+-------------+-----
Fighting       | 1 2 |  2.6
Spellcasting   | 4 |  4.6
Dodging        | |  2.1
Stealth        | |  1.5

Action                   |  1- 3 |  4- 6 || total
-------------------------+-------+-------++-------
 Cast: Magic Dart        |    60 |    30 ||    90
       Searing Ray       |       |     9 ||     9
       Iskenderun's Myst |       |     1 ||     1
  Use: Scroll            |       |    10 ||    10
       Potion            |       |     8 ||     8
Armor: Animal skin       |       |     5 ||     5
Dodge: Dodged            |    13 |    16 ||    29
